 Dungeon Crawl Stone Soup version 0.25-a0-388-g41a7e554cb (webtiles) character file.

Game seed: 3182628457057718568, levelgen mode: deterministic

72 sankara the Grave Robber (level 4, 0/33 HPs)
             Began as a Ghoul Necromancer on Jan 7, 2020.
             Slain by Terence
             ... wielding a +0 falchion of electrocution
              (16 damage)
             ... on level 2 of the Dungeon.
             The game lasted 00:06:06 (1911 turns).

sankara the Grave Robber (Ghoul Necromancer)        Turns: 1911, Time: 00:06:07

Health: 0/33       AC:  7    Str: 11    XL:     4   Next: 26%
Magic:  5/5        EV: 12    Int: 11    God:
Gold:   101        SH:  0    Dex:  9    Spells: 4/6 levels left

rFire    . . .     SeeInvis .   r - +0 short sword
rCold    + . .     Gourm    .   (no shield)
rNeg     + + +     Faith    .   e - +0 leather armour
rPois    ∞         Spirit   .   (no helmet)
rElec    .         Reflect  .   (no cloak)
rCorr    .         Harm     .   (no gloves)
MR       .....                  (no boots)
Stlth    +.........             (no amulet)
HPRegen  0.00/turn              i - +4 ring of protection
MPRegen  0.09/turn              (no ring)

@: rotting
A: rotting body, claws 1, carnivore, cold resistance 1, negative energy
resistance 3, inhibited regeneration, torment resistance, unbreathing
a: no special abilities


You were on level 2 of the Dungeon.
You were not hungry.

You visited 1 branch of the dungeon, and saw 2 of its levels.

You collected 101 gold pieces.

Inventory:

Hand Weapons
 a - a +0 dagger
   (You took it off a kobold on level 2 of the Dungeon)
 o - a +0 short sword of venom
   (You found it on level 1 of the Dungeon)
 r - a +0 short sword (weapon)
   (You took it off a kobold on level 2 of the Dungeon)
Missiles
 g - 4 boomerangs
 l - 62 stones (quivered)
Armour
 e - a +0 leather armour (worn)
   (You found it on level 1 of the Dungeon)
 p - a +0 scale mail
   (You took it off an orc on level 2 of the Dungeon)
Jewellery
 i - a +4 ring of protection (left claw)
   (You found it on level 1 of the Dungeon)
Scrolls
 b - 2 scrolls of identify {unknown}
 d - a scroll of remove curse {unknown}
 j - 3 scrolls of enchant armour {unknown}
 k - a scroll of blinking {unknown}
 m - a scroll of random uselessness {unknown}
Potions
 f - a potion of magic {unknown}
 h - a potion of agility
Comestibles
 c - 4 rations
 q - 13 chunks of flesh {@w0}


   Skills:
 + Level 3.0 Dodging
 - Level 2.1 Stealth
 - Level 1.7 Spellcasting
 + Level 4.9 Necromancy


You had 4 spell levels left.
You knew the following spells:

 Your Spells              Type           Power        Failure   Level  Hunger
a - Pain                  Necr           ##..         5%          1    ##.....
b - Animate Skeleton      Necr           N/A          5%          1    ##.....

Your spell library contained the following spells:

 Spells                   Type           Power        Failure   Level  Hunger
 Vampiric Draining        Necr           ##........   16%         3    ####...
 Animate Dead             Necr           N/A          45%         4    #####..
 Agony                    Necr           ##......     82%         5    ######.


Dungeon Overview and Level Annotations

Branches:
Dungeon (2/15)

Altars:

Annotations:
D:2 Terence


Innate Abilities, Weirdness & Mutations

Your body is rotting away.
You thrive on raw meat.
You are immune to poison.
You have sharp fingernails.
You are carnivorous and can eat meat at any time.
Your flesh is cold resistant. (rC+)
You are immune to negative energy. (rN+++)
You do not regenerate when monsters are visible.
You are immune to unholy pain and torment.
You can survive without breathing.


Message History

Eating one of 13 chunks of flesh {@w0}.
You eat one of the 13 chunks of flesh {@w0}.
This raw flesh tastes great!
Eating one of 12 chunks of flesh {@w0}.
You eat one of the 12 chunks of flesh {@w0}.
This raw flesh tastes great!
l - 48 stones (gained 11) Magic restored.
You swap places.
You swap places.
You swap places.
There is an open door here.
There is an open door here.
You open the door.
There is an open door here.
Found a stone staircase leading down.
A rat comes into view.
You closely miss the rat. The rat misses you.
You hit the rat.
You kill the rat!
No target in view!
No target in view!
Found a stone staircase leading up.
You see here a rat corpse.
Casting: Animate Skeleton (safe; 5% risk of failure)
Confirm with . or Enter, or press ? or * to list all spells.
You attempt to give life to the dead...
Before your eyes, flesh is ripped from the corpse!
The dead are walking!
q - 12 chunks of flesh {@w0} (gained 1)
You swap places.
You swap places.
k - a scroll labeled GINE USAPPUU
l - 62 stones (gained 14)
Found a stone staircase leading down.
A rat comes into view.
You hit the rat.
The rat is moderately wounded.
The rat closely misses you.
Your jackal skeleton completely misses the rat.
You hit the rat but do no damage.
The rat is moderately wounded.
Your jackal skeleton bites the rat but does no damage.
The rat bites your jackal skeleton.
You hit the rat but do no damage.
The rat is moderately wounded.
Your jackal skeleton bites the rat.
The rat bites you but does no damage.
You barely miss the rat.
The rat is severely wounded.
Your jackal skeleton bites the rat.
The rat dies!
No target in view!
No target in view!
You see here a rat corpse.
Casting: Animate Skeleton (safe; 5% risk of failure)
Confirm with . or Enter, or press ? or * to list all spells.
You attempt to give life to the dead...
Before your eyes, flesh is ripped from the corpse!
The dead are walking!
q - 13 chunks of flesh {@w0} (gained 1)
You see here a spear.
Terence the Incautious comes into view.
He is wielding a +0 falchion of electrocution.
Terence shouts!
Terence barely misses you.
You hit Terence but do no damage.
Terence hits you with a +0 falchion of electrocution.
You hit Terence but do no damage.
Your jackal skeleton bites Terence but does no damage.
Terence completely misses you.
Your jackal skeleton bites Terence.
You barely miss Terence.
Terence is lightly wounded.
Terence hits you but does no damage.
You are electrocuted!
Your jackal skeleton barely misses Terence.
You are too injured to fight recklessly!
You swap places.
Your jackal skeleton barely misses Terence.
Terence hits your jackal skeleton with a +0 falchion of electrocution.
Your jackal skeleton bites Terence but does no damage.
Your jackal skeleton barely misses Terence.
Your jackal skeleton bites Terence but does no damage.
Terence asks, "Do you want it fast or slow?"
Terence hits your jackal skeleton with a +0 falchion of electrocution!
Your jackal skeleton is destroyed!
Your jackal skeleton bites Terence but does no damage.
Terence says, "Don't bother to defend, it's senseless."
Terence hits your jackal skeleton with a +0 falchion of electrocution.
Lightning courses through your jackal skeleton!
Your jackal skeleton is destroyed!
Your jackal skeleton closely misses Terence.
Terence hits your jackal skeleton with a +0 falchion of electrocution.
Lightning courses through your jackal skeleton!!
Your jackal skeleton is destroyed!
Your jackal skeleton bites Terence but does no damage.
Your jackal skeleton barely misses Terence.
Terence hits you with a +0 falchion of electrocution.
You hit Terence but do no damage.
Terence is lightly wounded.
Your jackal skeleton bites Terence but does no damage.
Terence hits you but does no damage.
You are electrocuted!
You die...

...............#####
...........##......
...........##...######
.#####................
## #.............# #
#......)......# #
#########..Z#.# #
#.#Z# # #.Z@# #
###Z@...# #.##### #.#
#.# #.# #.# #.#


You could see Terence, 2 friendly rat skeletons, a friendly jackal skeleton and
a friendly goblin skeleton.

Vanquished Creatures
  2 adders (D:2)
  A worm (D:2)
  A dart slug (D:1)
  2 leopard geckos (D:1)
  An orc (D:2)
  A ball python (D:1)
  3 goblins (D:1)
  6 hobgoblins
  3 jackals (D:2)
  4 bats (D:1)
  A frilled lizard (D:1)
  6 kobolds
  3 rats
34 creatures vanquished.

Vanquished Creatures (collateral kills)
  An adder (D:2)
  A dart slug (D:1)
  2 bats
  A goblin (D:2)
  A jackal (D:2)
  A quokka (D:2)
  A kobold (D:1)
  A rat (D:2)
9 creatures vanquished.

Grand Total: 43 creatures vanquished

Notes
Turn   | Place    | Note
-------+----------+-------------------------------------------
     0 | D:1      | sankara the Ghoul Necromancer began the quest for the Orb.
     0 | D:1      | Reached XP level 1. HP: 14/14 MP: 2/2
   144 | D:1      | Learned a level 1 spell: Animate Skeleton
   210 | D:1      | Reached skill level 2 in Dodging
   467 | D:1      | Reached XP level 2. HP: 14/20 MP: 1/3
   785 | D:1      | Reached XP level 3. HP: 16/26 MP: 4/4
  1664 | D:2      | Reached XP level 4. HP: 33/33 MP: 5/5
  1738 | D:2      | Reached skill level 3 in Dodging
  1900 | D:2      | Noticed Terence
  1911 | D:2      | Slain by Terence

Levels and vault maps discovered:
D:1:      giann_horns, layout_basic
D:2:      cheibrodos_greedy_goblins, layout_basic, minmay_tetromino_o2,
          uniq_terence

Skill      XL: |  1  2  3  4 |
---------------+-------------+-----
Dodging        | 2 3 |  3.0
Stealth        | |  2.1
Spellcasting   | |  1.7
Necromancy     | |  4.9

Action                   |  1- 3 |  4- 6 || total
-------------------------+-------+-------++-------
Melee: Unarmed           |    55 |       ||    55
       Dagger            |   103 |       ||   103
       Short sword       |     5 |    61 ||    66
 Cast: Pain              |    10 |       ||    10
       Animate Skeleton  |    11 |     8 ||    19
 Stab: Sleeping          |     2 |       ||     2
       Distracted        |     1 |       ||     1
  Eat: Chunk             |    11 |     4 ||    15
Armor: Robe              |     6 |       ||     6
       Leather armour    |    49 |    28 ||    77
Dodge: Dodged            |   117 |    42 ||   159

Table legend:
 A = Non-vault XP
 B = Vault XP
 C = Vault XP percentage of total XP
 D = Non-vault monster count
 E = Vault monster count
 F = Vault count percentage of total count
                 A         B        C        D         E       F
            +---------+---------+-------+---------+---------+-------
      Total |     103 |       1 |   1.0 |      42 |       1 |   2.3
            +---------+---------+-------+---------+---------+-------
        D:1 |      41 |       0 |   0.0 |      24 |       0 |   0.0
        D:2 |      62 |       1 |   1.6 |      18 |       1 |   5.3
            +---------+---------+-------+---------+---------+-------

Levels and vault maps discovered:
D:1:      giann_horns, layout_basic
D:2:      cheibrodos_greedy_goblins, layout_basic, minmay_tetromino_o2,
          uniq_terence

Table legend:
 A = Turns spent in this place as a percentage of turns spent in the entire game.
 B = Non-inter-level travel turns spent in this place as a percentage of non-inter-level travel turns spent in the entire game.
 C = Inter-level travel turns spent in this place as a percentage of turns spent in this place.
 D = Turns resting spent in this place as a percentage of non-inter-level travel turns spent in this place.
 E = Turns spent auto-exploring this place as a percentage of non-inter-level travel turns spent in this place.
 F = Non-inter-level travel turns spent in this place divided by the number of levels of this place that you've seen.
                   A       B       C       D       E      F
               +-------+-------+-------+-------+-------+----------------------
         Total | 100.0 | 100.0 |   2.7 |  25.6 |  44.5 | 930.0
       Dungeon | 100.0 | 100.0 |   2.7 |  25.6 |  44.5 | 930.0
               +-------+-------+-------+-------+-------+----------------------

Table legend:
 A = Kills in this place as a percentage of kills in entire the game.
 B = Kills by you in this place as a percentage of kills by you in the entire game.
 C = Kills by friends in this place as a percentage of kills by friends in the entire game.
 D = Other kills in this place as a percentage of other kills in the entire game.
 E = Experience gained in this place as a percentage of experience gained in the entire game.
 F = Experience gained in this place divided by the number of levels of this place that you have seen.
                   A       B       C       D       E      F
               +-------+-------+-------+-------+-------+----------------------
         Total | 100.0 | 100.0 | 100.0 |   N/A | 100.0 |  52.0
       Dungeon | 100.0 | 100.0 | 100.0 |   N/A | 100.0 |  52.0
               +-------+-------+-------+-------+-------+----------------------
